[Event "Titled Tuesday Blitz December 06 Early 2022"]
[White "Colas, Joshua"]
[Black "Mrudul Dehankar"]
[WhiteFideId "2044447"]
[BlackFideId "25096990"]
[WhiteElo "2347"]
[BlackElo "2139"]
[Result "0-1"]
[Round "03"]
[TimeControl "180+1"]
[Date "2022.12.07"]
[WhiteClock "0:00:58"]
[BlackClock "0:00:14"]

1. g3 Nf6 2. Bg2 g6 3. b3 Bg7 4. Bb2 d6 5. d4 Nbd7 6. Nf3 O-O 7. O-O e5 8. dxe5 Ng4 9. Qd2 Ngxe5 10. Nxe5 dxe5 11. Rd1 c6 12. Nc3 Qc7 13. Ba3 Re8 14. Ne4 Nb6 15. c4 Be6 16. Qa5 Red8 17. Bd6 Qc8 18. Bxe5 Nd7 19. Nd6 Qb8 20. Nxf7 Bxe5 21. Nxd8 Qxd8 22. Rxd7 Qxa5 0-1


[Site "https://www.chess.com"]

[Event "Titled Tuesday Blitz December 06 Early 2022"]
[White "Concio, Michael Jr."]
[Black "Sadilek, Peter"]
[WhiteFideId "5217873"]
[BlackFideId "1616439"]
[WhiteElo "2263"]
[BlackElo "2227"]
[Result "1-0"]
[Round "03"]
[TimeControl "180+1"]
[Date "2022.12.07"]
[WhiteClock "0:00:32"]
[BlackClock "0:00:30"]

1. e4 e6 2. d3 d5 3. Nd2 Nf6 4. Ngf3 g6 5. g3 Bg7 6. Bg2 O-O 7. O-O c5 8. c3 Nc6 9. Qc2 b6 10. Rd1 a5 11. Nf1 Ba6 12. Bg5 h6 13. Bxf6 Bxf6 14. exd5 exd5 15. d4 cxd4 16. Nxd4 Nxd4 17. cxd4 Bxf1 18. Kxf1 Rc8 19. Qd2 Rc4 20. Qxh6 Rxd4 21. Rxd4 Bxd4 22. Rd1 Bxb2 23. Bxd5 Bg7 24. Qxg6 Qxd5 25. Qxg7+ Kxg7 26. Rxd5 Rc8 27. Rb5 Rc2 28. Rxb6 Rxa2 29. h4 f5 30. Kg2 Ra3 31. Ra6 Kf7 32. Kf1 f4 33. Kg2 fxg3 34. fxg3 Kg7 35. h5 Ra1 36. Kh3 Ra4 37. g4 Kh7 38. Kh4 Kg7 39. Kg5 Kh7 40. Ra7+ Kg8 41. Kf5 Ra1 42. Kg6 Kf8 43. h6 1-0


[Site "https://www.chess.com"]

[Event "Titled Tuesday Blitz December 06 Early 2022"]
[White "Corrales Jimenez, Fidel"]
[Black "Moskvin, Anatoly"]
[WhiteFideId "3506690"]
[BlackFideId "24199990"]
[WhiteElo "2541"]
[BlackElo "2104"]
[Result "1-0"]
[Round "03"]
[TimeControl "180+1"]
[Date "2022.12.06"]
[WhiteClock "0:00:34"]
[BlackClock "0:00:02"]

1. e4 e5 2. Nf3 Nc6 3. Bc4 Nf6 4. Ng5 Bc5 5. Bxf7+ Ke7 6. Bb3 Rf8 7. d3 h6 8. Nf3 d6 9. h3 Qe8 10. Be3 Bxe3 11. fxe3 Qg6 12. Qe2 Nh5 13. Qf2 Ng3 14. Rg1 Bd7 15. Nc3 Rae8 16. O-O-O Kd8 17. Ne2 Nxe2+ 18. Qxe2 Qg3 19. Qe1 Qxe1 20. Rdxe1 g5 21. Ref1 Rf6 22. Nh2 Ref8 23. Rxf6 Rxf6 24. Rf1 Ke7 25. Rxf6 Kxf6 26. Kd2 Na5 27. Bd5 c6 28. Bg8 Kg7 29. b4 Kxg8 30. bxa5 Kg7 31. a3 Kg6 32. Nf1 h5 33. Ke2 h4 34. Nd2 g4 35. hxg4 Bxg4+ 36. Ke1 Be6 37. d4 Kf6 38. c3 h3 39. gxh3 Bxh3 40. Kf2 Be6 41. Kg3 c5 42. d5 Bd7 43. Kh4 Be8 44. Nc4 Ke7 45. Kg5 Bb5 46. Nd2 Bd7 47. Nf3 b5 48. Nh4 Kf7 49. Nf5 Bxf5 50. exf5 a6 51. f6 Kf8 52. Kg6 e4 53. f7 1-0


[Site "https://www.chess.com"]

[Event "Titled Tuesday Blitz December 06 Early 2022"]
[White "Cramling Bellon, Anna"]
[Black "Valle Maytin, Luis Enrique"]
[WhiteFideId "32009232"]
[BlackFideId "3503666"]
[WhiteElo "1972"]
[BlackElo "2225"]
[Result "0-1"]
[Round "03"]
[TimeControl "180+1"]
[Date "2022.12.07"]
[WhiteClock "0:00:01"]
[BlackClock "0:00:02"]

1. d4 Nf6 2. c4 d5 3. cxd5 Nxd5 4. e4 Nb6 5. Nf3 g6 6. Nc3 Bg7 7. Be3 O-O 8. Be2 Be6 9. O-O Bc4 10. d5 Bxe2 11. Qxe2 N8d7 12. Rfd1 Rc8 13. Rac1 Qe8 14. Nb5 c6 15. dxc6 Rxc6 16. Rxc6 bxc6 17. Nxa7 Qa8 18. Qa6 Rb8 19. Qa3 Bf8 20. Nd4 e5 21. Qa5 exd4 22. Bxd4 Rb7 23. Nxc6 Qxa5 24. Nxa5 Rc7 25. Nb3 Nc4 26. Bc3 Bg7 27. g3 Nxb2 28. Bxb2 Bxb2 29. Rd2 Bc3 30. Rc2 Be5 31. Rxc7 Bxc7 32. a4 Nb6 33. a5 Nc4 34. a6 Bb6 35. Kf1 Na3 36. Ke2 Nc2 37. Kd3 Nb4+ 38. Kc4 Nxa6 39. Kb5 Bxf2 40. Kxa6 Bg1 41. h3 Bh2 42. g4 Kg7 43. Kb5 Kf6 44. Kc4 Ke5 45. Kd3 Kf4 46. Nc5 Kg3 47. Nd7 Kxh3 48. Nf6 Be5 49. Nxh7 Kxg4 50. Nf8 Bd6 51. Nd7 Kf4 52. Nb6 g5 53. Nd5+ Kf3 54. Nf6 g4 0-1


[Site "https://www.chess.com"]

[Event "Titled Tuesday Blitz December 06 Early 2022"]
[White "Czopor, Maciej"]
[Black "Meduri, Aakaash"]
[WhiteFideId "21805431"]
[BlackFideId "2032252"]
[WhiteElo "2324"]
[BlackElo "2113"]
[Result "0-1"]
[Round "03"]
[TimeControl "180+1"]
[Date "2022.12.07"]
[WhiteClock "0:00:01"]
[BlackClock "0:00:11"]

1. c4 c6 2. Nf3 d5 3. b3 Nf6 4. Bb2 Bf5 5. e3 e6 6. g3 h6 7. d3 Be7 8. Bg2 O-O 9. O-O Nbd7 10. Qe2 Bh7 11. Rd1 Qc7 12. Nc3 a5 13. Rac1 Rad8 14. cxd5 exd5 15. Nd4 Rfe8 16. Nxd5 Nxd5 17. Bxd5 Ne5 18. Be4 Bxe4 19. dxe4 a4 20. f4 Ng6 21. e5 axb3 22. axb3 Qb6 23. Qc4 Rd5 24. Nf5 Bc5 25. Bd4 Bxd4 26. exd4 Nf8 27. Nd6 Ra8 28. f5 Nd7 29. Kg2 Ra2+ 30. Kh3 Nxe5 31. dxe5 Qf2 32. Rxd5 Qg2+ 33. Kg4 cxd5 34. Qc8+ Kh7 35. Nxf7 Qe4+ 36. Kh3 Qg2+ 37. Kg4 Qe2+ 38. Kh4 Qxh2+ 39. Kg4 Qe2+ 40. Kh4 Qh2+ 41. Kg4 h5+ 42. Kf3 Qf2# 0-1


[Site "https://www.chess.com"]

[Event "Titled Tuesday Blitz December 06 Early 2022"]
[White "D`Arruda, Ricardo D."]
[Black "Sava, Christiansen-Danut-Eugen"]
[WhiteFideId "100692"]
[BlackFideId "1210114"]
[WhiteElo "2462"]
[BlackElo "1904"]
[Result "1/2-1/2"]
[Round "03"]
[TimeControl "180+1"]
[Date "2022.12.07"]
[WhiteClock "0:00:28"]
[BlackClock "0:01:14"]

1. d4 Nf6 2. Nf3 e6 3. Nc3 b6 4. e4 d6 5. Bd3 Bb7 6. O-O Be7 7. Qe2 Nbd7 8. a4 O-O 9. a5 c5 10. a6 Bc6 11. Bb5 Bxb5 12. Nxb5 cxd4 13. Nfxd4 Nc5 14. f3 Qd7 15. b4 e5 16. bxc5 exd4 17. cxd6 Bxd6 18. Nxd6 Qxd6 19. Ba3 d3 20. Bxd6 dxe2 21. Rfe1 Rfd8 22. Bf4 Rac8 23. Rac1 Rc4 24. Rxe2 Ra4 25. Bg5 h6 26. Bxf6 gxf6 27. c4 Rxa6 28. c5 bxc5 29. Rxc5 Ra1+ 30. Kf2 Rdd1 31. Rec2 Rf1+ 32. Kg3 Rg1 33. Rd2 a5 34. Rcc2 Rgb1 35. Ra2 Rxa2 36. Rxa2 Rb5 37. Kf4 h5 38. Ke3 Kf8 39. Kd4 h4 40. h3 Kg7 41. Kc4 Rb4+ 42. Kc5 Kg6 43. Rxa5 Rb2 44. Ra8 Kg7 45. Kd4 Rxg2 46. Ke3 Rg3 47. Kf4 Rxh3 48. Ra1 Rh2 49. Rg1+ Kf8 50. Kg4 Ke7 51. Ra1 Ke6 52. Ra6+ Ke5 53. Ra7 Rh1 54. Rxf7 h3 55. Kg3 Ke6 56. Rf8 Ke5 57. Re8+ Kd6 58. Rh8 Ke5 59. Rxh3 Rxh3+ 60. Kxh3 f5 61. exf5 Kxf5 62. Kg3 Kg5 63. f4+ Kf5 64. Kf3 Kf6 65. Ke4 Ke6 66. f5+ Kf6 67. Kf4 Kf7 68. Ke5 Ke7 69. f6+ Kf7 70. Kf5 Kf8 71. Ke5 Kf7 72. Kf5 Kf8 73. Kg5 Kf7 74. Kf5 1/2-1/2


[Site "https://www.chess.com"]

[Event "Titled Tuesday Blitz December 06 Early 2022"]
[White "Daneshvar, Bardiya"]
[Black "Raahul V S"]
[WhiteFideId "12576468"]
[BlackFideId "25035525"]
[WhiteElo "2429"]
[BlackElo "2202"]
[Result "1-0"]
[Round "03"]
[TimeControl "180+1"]
[Date "2022.12.07"]
[WhiteClock "0:01:53"]
[BlackClock "0:00:04"]

1. b3 e5 2. Bb2 Nc6 3. e3 Nf6 4. Bb5 Bd6 5. Na3 Na5 6. Be2 a6 7. Nf3 Qe7 8. Qc1 c5 9. d3 O-O 10. Nc4 Nxc4 11. bxc4 Bc7 12. e4 d6 13. a4 Bd7 14. a5 g6 15. O-O Nh5 16. Re1 Qf6 17. Qg5 Qg7 18. Bc1 f6 19. Qh6 Qxh6 20. Bxh6 Rfb8 21. Nd2 Ng7 22. Bxg7 Kxg7 23. Reb1 b6 24. axb6 Bxb6 25. Kf1 a5 26. Ke1 a4 27. Kd1 Bc6 28. c3 Kf7 29. Kc2 Ke7 30. Ra3 Bc7 31. Rxb8 Rxb8 32. Bd1 f5 33. Kc1 Kf6 34. f3 Bd8 35. Ra2 Ra8 36. Nb1 Ke6 37. Na3 Bg5+ 38. Kb1 Rb8+ 39. Rb2 Ra8 40. Rb6 Kd7 41. Ka2 Bd2 42. Kb2 Kc7 43. Rxc6+ Kxc6 44. Nb5 Be3 45. exf5 gxf5 46. f4 e4 47. dxe4 fxe4 48. Bc2 d5 49. g3 Bd2 50. Ka2 e3 51. Bd3 dxc4 52. Bxc4 Re8 53. Be2 Rb8 54. c4 Bb4 55. Bf3+ Kb6 56. Nd6 Rd8 57. Ne4 Rd3 58. f5 Ra3+ 59. Kb2 Rb3+ 60. Kc2 Ra3 61. f6 Ra2+ 62. Kd3 Rxh2 63. f7 a3 64. f8=Q a2 65. Qb8+ Ka6 66. Nxc5+ Bxc5 67. Qb7+ Ka5 68. Qb5# 1-0


[Site "https://www.chess.com"]

[Event "Titled Tuesday Blitz December 06 Early 2022"]
[White "Danielyan, Vahe"]
[Black "Manon-og, Ramon Jr."]
[WhiteFideId "13304828"]
[BlackFideId "5200776"]
[WhiteElo "2423"]
[BlackElo "2336"]
[Result "0-1"]
[Round "03"]
[TimeControl "180+1"]
[Date "2022.12.07"]
[WhiteClock "0:00:43"]
[BlackClock "0:00:46"]

1. e4 c5 2. Nc3 d6 3. d4 cxd4 4. Qxd4 Nc6 5. Qd2 Bd7 6. b3 Nf6 7. Bb2 g6 8. O-O-O Bg7 9. h4 h5 10. Kb1 O-O 11. Nf3 Bg4 12. Be2 a6 13. Ng5 Bxe2 14. Qxe2 b5 15. f3 Ne5 16. g4 Rc8 17. gxh5 Nxh5 18. Nd5 Nc6 19. Bxg7 Kxg7 20. Rhg1 Qa5 21. f4 Nb4 22. Nxb4 Qxb4 23. Rd5 Nxf4 24. Qg4 Nxd5 25. Ne6+ Kg8 26. Nxf8 Nc3+ 27. Kb2 Na4+ 28. Kb1 Qc3 29. bxa4 Qxc2+ 30. Ka1 Qc3+ 31. Kb1 Rc4 32. a3 Qb3+ 33. Ka1 Qxa3+ 0-1


[Site "https://www.chess.com"]

[Event "Titled Tuesday Blitz December 06 Early 2022"]
[White "Darini, Pouria"]
[Black "Xiong, Jeffery"]
[WhiteFideId "12502200"]
[BlackFideId "2047640"]
[WhiteElo "2482"]
[BlackElo "2726"]
[Result "0-1"]
[Round "03"]
[TimeControl "180+1"]
[Date "2022.12.07"]
[WhiteClock "0:00:01"]
[BlackClock "0:00:15"]

1. Nf3 c5 2. c4 Nf6 3. Nc3 d5 4. cxd5 Nxd5 5. g3 Nc6 6. Bg2 g6 7. O-O Bg7 8. d3 Nc7 9. Be3 Ne6 10. a3 Bd7 11. Rb1 Rc8 12. Ne4 Ncd4 13. b4 cxb4 14. axb4 Nb5 15. Qd2 Bc6 16. Rbc1 O-O 17. Nc5 Nxc5 18. Rxc5 Bc3 19. Qa2 Bxb4 20. Rxb5 Bxb5 21. Qb2 Qa5 22. Rb1 Bxd3 23. exd3 Bc3 24. Qxb7 Rc7 25. Qb3 Rd8 26. d4 e6 27. h4 Qd5 28. Qxd5 exd5 29. Ne5 a5 30. Nd3 a4 31. Nc5 a3 32. Rb3 a2 33. Ra3 a1=Q+ 34. Rxa1 Bxa1 35. Bf3 Bb2 36. Kg2 Ba3 37. Nd3 Rb7 38. Nf4 Rb5 39. Be2 Ra5 40. Bf3 Bb2 41. Nd3 Ba1 42. Nc5 Rb5 43. Be2 Rb4 44. Nd3 Ra4 45. Nc5 Rxd4 46. Nb3 Ra4 47. Nxa1 Rxa1 48. Bd4 Ra4 49. Bf6 Rd6 50. Bg5 d4 51. Bd3 Ra3 52. Be7 Rxd3 53. Bxd6 Kg7 54. Kf1 Kf6 55. Ke2 Rb3 56. Bc5 Ke5 57. Be7 Ke4 58. Bg5 Rb2+ 59. Bd2 d3+ 0-1


[Site "https://www.chess.com"]

[Event "Titled Tuesday Blitz December 06 Early 2022"]
[White "De Arruda, Leandro Formes"]
[Black "Andreev, Konstantin"]
[WhiteFideId "22722009"]
[BlackFideId "24239305"]
[WhiteElo "1880"]
[BlackElo "2106"]
[Result "0-1"]
[Round "03"]
[TimeControl "180+1"]
[Date "2022.12.07"]
[WhiteClock "0:00:17"]
[BlackClock "0:00:41"]

1. d4 Nf6 2. Nf3 d5 3. e3 e6 4. Bd3 Bd6 5. Nbd2 O-O 6. O-O c5 7. c3 b6 8. Ne5 Bb7 9. f4 Ba6 10. Bxa6 Nxa6 11. Qf3 b5 12. g4 Rc8 13. g5 Nd7 14. Qh3 b4 15. Rf3 Qe7 16. Rg3 Rfe8 17. Qh5 Nf8 18. Ndf3 Nc7 19. Nc6 Qd7 20. Nfe5 Bxe5 21. Nxe5 Qe7 22. dxc5 bxc3 23. bxc3 Nb5 24. c6 Nxc3 25. Bb2 Ne4 26. Rh3 Rb8 27. Nd7 Rxb2 28. Nxf8 Kxf8 29. Qxh7 Qb4 30. Qh8+ Ke7 31. Qxg7 Qd2 32. Rg3 Qf2+ 0-1


[Site "https://www.chess.com"]

[Event "Titled Tuesday Blitz December 06 Early 2022"]
[White "Decuigniere, Tom"]
[Black "Slovineanu"]
[WhiteFideId "26093820"]
[WhiteElo "2288"]
[BlackElo "2220"]
[Result "0-1"]
[Round "03"]
[TimeControl "180+1"]
[Date "2022.12.07"]
[WhiteClock "0:00:00"]
[BlackClock "0:00:13"]

1. c4 e5 2. g3 c6 3. Nf3 e4 4. Nd4 d5 5. cxd5 Qxd5 6. Nc2 Nf6 7. Nc3 Qe5 8. Bg2 Na6 9. O-O Be7 10. d4 exd3 11. exd3 Bg4 12. f3 Be6 13. f4 Qh5 14. Qxh5 Nxh5 15. f5 Bd7 16. g4 Nf6 17. g5 Ng4 18. h3 Ne5 19. f6 gxf6 20. gxf6 Bd6 21. d4 Ng6 22. Re1+ Kd8 23. Ne4 Kc7 24. Nxd6 Kxd6 25. b3 Be6 26. Ba3+ Kd7 27. Ne3 Rhg8 28. Kh2 Nc7 29. Rad1 Nf4 30. Be4 Ncd5 31. Nxd5 cxd5 32. Bf3 Nxh3 33. Be7 Ng5 0-1


[Site "https://www.chess.com"]

[Event "Titled Tuesday Blitz December 06 Early 2022"]
[White "Devaev, Alexander"]
[Black "Liyanage, Ranindu Dilshan"]
[WhiteFideId "4169395"]
[BlackFideId "9915834"]
[WhiteElo "2225"]
[BlackElo "2199"]
[Result "0-1"]
[Round "03"]
[TimeControl "180+1"]
[Date "2022.12.07"]
[WhiteClock "0:01:27"]
[BlackClock "0:00:39"]

1. d4 Nf6 2. c4 e6 3. Nf3 d5 4. Nc3 Bb4 5. Bg5 h6 6. Bxf6 Qxf6 7. e3 O-O 8. a3 Bxc3+ 9. bxc3 c5 10. Be2 dxc4 11. Bxc4 b6 12. O-O Bb7 13. Qe2 Nd7 14. Ba6 Bc6 15. Bb5 Rac8 16. Bxc6 Rxc6 17. Qb5 Rfc8 18. a4 cxd4 19. cxd4 Qe7 20. a5 Qd6 21. h3 bxa5 22. Qxa5 a6 23. Rfd1 f6 24. d5 exd5 25. Qxd5+ Qxd5 26. Rxd5 Nc5 27. Nd4 R6c7 28. Rd6 Ne4 29. f3 Nxd6 0-1


[Site "https://www.chess.com"]

[Event "Titled Tuesday Blitz December 06 Early 2022"]
[White "Drygalov, Sergey"]
[Black "Erzhanov, Arman"]
[WhiteFideId "24171743"]
[BlackFideId "4138821"]
[WhiteElo "2533"]
[BlackElo "2176"]
[Result "1-0"]
[Round "03"]
[TimeControl "180+1"]
[Date "2022.12.07"]
[WhiteClock "0:00:15"]
[BlackClock "0:00:07"]

1. d4 d6 2. e4 Nf6 3. Nc3 c6 4. Nf3 Bg4 5. Be2 e6 6. Be3 d5 7. e5 Nfd7 8. O-O c5 9. Nb5 a6 10. Nd6+ Bxd6 11. exd6 Bxf3 12. Bxf3 c4 13. b3 b5 14. Re1 O-O 15. Bf4 Nc6 16. c3 Nf6 17. bxc4 bxc4 18. Qa4 Qd7 19. Kh1 Rfb8 20. h3 Rb5 21. Rab1 Rab8 22. Rxb5 axb5 23. Qa6 Qb7 24. Qxb7 Rxb7 25. a3 Kf8 26. g4 Ke8 27. g5 Nd7 28. Bxd5 Rb6 29. Be4 g6 30. d5 Nd8 31. Bg3 Nc5 32. dxe6 Ndxe6 33. Bd5 Kd7 34. Rb1 Nb3 35. a4 bxa4 36. Bxc4 Rb7 37. Rb2 Kc6 38. Ra2 Nec5 39. f3 Na5 40. Be2 Rb1+ 41. Kg2 Nab3 42. Bc4 Rc1 43. Bxf7 Rxc3 44. Be8+ Kb7 45. Bxa4 Nxa4 46. Rxa4 Rc2+ 47. Kg1 Nc5 48. Rd4 Kc6 49. d7 Nxd7 50. Rd6+ Kc5 51. Rxd7 Rc3 52. Kg2 Rc2+ 53. Bf2+ Kc6 54. Rxh7 Re2 55. Rh6 Re6 56. h4 Re5 57. Rxg6+ Kd7 58. h5 Ke7 59. h6 Kf7 60. Rg7+ Kf8 61. Bd4 Rd5 62. Bf6 Rd2+ 63. Kg3 1-0


[Site "https://www.chess.com"]

[Event "Titled Tuesday Blitz December 06 Early 2022"]
[White "Dudzinski, Pawel"]
[Black "Sailer, Mike"]
[WhiteFideId "1117890"]
[BlackFideId "2012901"]
[WhiteElo "2099"]
[BlackElo "2109"]
[Result "1-0"]
[Round "03"]
[TimeControl "180+1"]
[Date "2022.12.07"]
[WhiteClock "0:01:38"]
[BlackClock "0:00:10"]

1. e4 d5 2. exd5 Qxd5 3. Nc3 Qd6 4. d4 Nf6 5. Nge2 c6 6. Bf4 Qd8 7. Ng3 h5 8. h4 Bg4 9. Qd2 g6 10. Bc4 Bg7 11. O-O Nbd7 12. f3 Bf5 13. Nxf5 gxf5 14. Rfe1 e6 15. Bd3 Kf8 16. Bd6+ Kg8 17. Qf2 Rh6 18. Bf4 Rg6 19. Bg5 Qc7 20. Ne2 Nf8 21. Nf4 Rxg5 22. hxg5 Qxf4 23. gxf6 Bxf6 24. c3 Ng6 25. Qe3 Qg3 26. Qf2 Qf4 27. g3 Qg5 28. f4 Qg4 29. Be2 Qh3 30. Qh2 Qxh2+ 31. Kxh2 h4 32. Rg1 hxg3+ 33. Kxg3 Kg7 34. Bh5 Rh8 35. Bxg6 fxg6 36. Rh1 Rg8 37. Kf3 g5 38. fxg5 Bxg5 39. Rh5 Kg6 40. Rxg5+ Kxg5 41. Rg1+ 1-0


[Site "https://www.chess.com"]

[Event "Titled Tuesday Blitz December 06 Early 2022"]
[White "Estrada Nieto, Julian"]
[Black "Suduvasachmatai"]
[WhiteFideId "5101018"]
[WhiteElo "2195"]
[BlackElo "1934"]
[Result "1/2-1/2"]
[Round "03"]
[TimeControl "180+1"]
[Date "2022.12.07"]
[WhiteClock "0:00:26"]
[BlackClock "0:01:04"]

1. e4 c5 2. Nf3 d6 3. Bb5+ Bd7 4. Bxd7+ Qxd7 5. O-O Nc6 6. Re1 e6 7. c3 Be7 8. d4 cxd4 9. cxd4 d5 10. e5 Bb4 11. Nc3 Nge7 12. Qd3 O-O 13. Ng5 Ng6 14. h4 h6 15. h5 hxg5 16. hxg6 fxg6 17. Bxg5 Qf7 18. Be3 g5 19. Re2 g4 20. Rc1 Rac8 21. Rec2 Na5 22. Ne2 Nc4 23. Bf4 Bd2 24. Bxd2 Qxf2+ 25. Kh2 Qh4+ 26. Kg1 Qf2+ 27. Kh2 Qh4+ 28. Kg1 Qf2+ 1/2-1/2


[Site "https://www.chess.com"]

[Event "Titled Tuesday Blitz December 06 Early 2022"]
[White "Eynullayev, Atilla"]
[Black "Miszler, Levente"]
[WhiteFideId "13413570"]
[BlackFideId "763276"]
[WhiteElo "2181"]
[BlackElo "2176"]
[Result "0-1"]
[Round "03"]
[TimeControl "180+1"]
[Date "2022.12.07"]
[WhiteClock "0:01:34"]
[BlackClock "0:00:49"]

1. e4 e6 2. d4 d5 3. e5 f6 4. Bd3 g6 5. Nf3 c5 6. c3 Bg7 7. h4 fxe5 8. dxe5 Ne7 9. h5 Nbc6 10. Qe2 Qc7 11. Bf4 Bd7 12. Nbd2 O-O-O 13. h6 Bf8 14. Ng5 c4 15. Bc2 d4 16. Nxc4 Nd5 17. Bg3 dxc3 18. bxc3 Nxc3 19. Qf3 Bb4 20. O-O Nd4 21. Qd3 Bb5 22. Bb3 Nde2+ 23. Qxe2 Nxe2+ 24. Kh2 Nxg3 25. fxg3 Bxc4 26. Rfc1 b5 27. a4 Qxe5 28. axb5 Qxg5 29. Rxc4+ Kb8 30. Rxb4 Rd3 31. b6 Qxg3+ 32. Kh1 Rxb3 33. bxa7+ Ka8 34. Rxb3 0-1


[Site "https://www.chess.com"]

[Event "Titled Tuesday Blitz December 06 Early 2022"]
[White "Fabris, Alberto"]
[Black "Ovchinnikov, Vsevolod"]
[WhiteFideId "801348"]
[BlackFideId "24176842"]
[WhiteElo "2168"]
[BlackElo "2376"]
[Result "0-1"]
[Round "03"]
[TimeControl "180+1"]
[Date "2022.12.07"]
[WhiteClock "0:00:41"]
[BlackClock "0:00:34"]

1. d4 Nf6 2. Nf3 g6 3. c4 Bg7 4. Nc3 d5 5. cxd5 Nxd5 6. e4 Nxc3 7. bxc3 c5 8. Be3 O-O 9. Be2 Qa5 10. Qd2 Rd8 11. Rd1 Nc6 12. O-O Bg4 13. Qb2 cxd4 14. cxd4 Qb4 15. Qxb4 Nxb4 16. Rd2 Rac8 17. h3 Bxf3 18. Bxf3 Nc2 19. Rfd1 Nxe3 20. fxe3 Rc3 21. Rd3 Rdc8 22. Kf2 Rxd3 23. Rxd3 Rc2+ 24. Kg3 Rxa2 25. e5 b5 26. Rc3 b4 27. Rc8+ Bf8 28. Rb8 a5 29. Bd5 Ra3 30. Kf3 e6 31. Bc4 Rc3 32. Ba2 a4 33. d5 b3 34. Bb1 exd5 0-1


[Site "https://www.chess.com"]

[Event "Titled Tuesday Blitz December 06 Early 2022"]
[White "Fecker, Noah"]
[Black "Boros, Denes"]
[WhiteFideId "1334263"]
[BlackFideId "722340"]
[WhiteElo "2291"]
[BlackElo "2464"]
[Result "1/2-1/2"]
[Round "03"]
[TimeControl "180+1"]
[Date "2022.12.07"]
[WhiteClock "0:00:18"]
[BlackClock "0:00:18"]

1. d4 Nc6 2. d5 Ne5 3. e4 d6 4. Nf3 Nf6 5. Nxe5 dxe5 6. c4 e6 7. Nc3 Bc5 8. Be2 h6 9. a3 O-O 10. O-O Bd4 11. Nb5 Bb6 12. Qc2 exd5 13. exd5 c6 14. dxc6 bxc6 15. Rd1 Qe7 16. Nd6 Bg4 17. Bxg4 Nxg4 18. c5 Bc7 19. h3 Nf6 20. b4 a5 21. Bb2 Nd5 22. b5 Nf4 23. bxc6 Qg5 24. Qe4 f5 25. h4 Nh3+ 26. Kh2 fxe4 27. hxg5 Nxf2 28. Rf1 e3 29. Rae1 Nd3 30. Rxf8+ Rxf8 31. Re2 Rf2 32. Rxe3 Nxb2 33. gxh6 Rc2 34. Rxe5 Nc4 35. Re8+ Kh7 36. Re7 Bxd6+ 37. cxd6 Nxd6 38. hxg7 Nf5 39. Ra7 Rc5 40. c7 Nxg7 41. c8=Q Rxc8 42. Rxa5 Kg6 43. Kh3 Rc3+ 44. g3 Nf5 45. Kg4 Nxg3 46. Ra6+ Kf7 47. a4 Ne4 48. Kf4 Rc4 49. Ke5 Ng5 50. Ra7+ Kg6 51. Ra6+ Kh5 52. a5 Kg4 53. Ra8 Nf3+ 54. Kd5 Rd4+ 55. Kc5 Rd2 56. a6 Rc2+ 57. Kb4 Ne5 58. a7 Nc6+ 59. Kb5 Nxa7+ 60. Rxa7 Kf3 61. Rf7+ Ke4 62. Re7+ Kd5 63. Rd7+ Ke6 64. Rd1 Ke5 65. Re1+ Kd4 66. Rd1+ Kc3 67. Rd6 Kb3 68. Rd3+ Kb2 69. Kb4 Re2 70. Rb3+ Kc2 71. Rc3+ Kd2 72. Rc4 Re3 73. Rd4+ Kc2 74. Rc4+ Kb2 75. Rh4 Rb3+ 76. Kc4 Rg3 77. Rh2+ Ka3 78. Rf2 Rg4+ 79. Kc3 Rg3+ 80. Kc2 Rb3 81. Rd2 Rb2+ 82. Kc3 Rb6 83. Rd5 Rc6+ 84. Kd3 Kb4 85. Rd4+ Kb5 86. Rd8 Rc5 87. Rb8+ Ka6 88. Kd4 Rc7 89. Kd5 Rd7+ 90. Kc6 Ka7 91. Rb1 Rh7 92. Ra1+ Kb8 93. Rd1 Rh6+ 94. Rd6 Rxd6+ 95. Kxd6 1/2-1/2


[Site "https://www.chess.com"]

[Event "Titled Tuesday Blitz December 06 Early 2022"]
[White "Fernandez Hernandez, Gerardo"]
[Black "Iskusnyh, Sergei"]
[WhiteFideId "2207400"]
[BlackFideId "4120027"]
[WhiteElo "2205"]
[BlackElo "2492"]
[Result "0-1"]
[Round "03"]
[TimeControl "180+1"]
[Date "2022.12.07"]
[WhiteClock "0:00:02"]
[BlackClock "0:00:41"]

1. e4 e6 2. d3 c5 3. g3 d5 4. Nd2 Nf6 5. Bg2 g6 6. Ngf3 Bg7 7. O-O O-O 8. h4 Nc6 9. Re1 a5 10. a4 b6 11. c3 Ba6 12. e5 Nd7 13. d4 cxd4 14. cxd4 Nb4 15. Re3 Nd3 16. Nf1 Nxc1 17. Rxc1 Bh6 18. Ng5 Bxg5 19. hxg5 Qxg5 20. Rc7 Qd8 21. Rec3 Nc5 22. Rc6 Ne4 23. Bxe4 dxe4 24. Ne3 h5 25. d5 Bb7 26. Rd6 Qg5 27. dxe6 Qxe5 28. exf7+ Kg7 29. Rxb6 Rxf7 30. Qd6 Qxd6 31. Rxd6 Ba6 32. Rcc6 Bd3 33. Rxg6+ Kf8 34. Rh6 Raa7 35. Nd5 e3 0-1


[Site "https://www.chess.com"]

[Event "Titled Tuesday Blitz December 06 Early 2022"]
[White "Firouzja, Alireza"]
[Black "Ohanyan, Emin"]
[WhiteFideId "12573981"]
[BlackFideId "13312022"]
[WhiteElo "2904"]
[BlackElo "2352"]
[Result "1-0"]
[Round "03"]
[TimeControl "180+1"]
[Date "2022.12.06"]
[WhiteClock "0:00:10"]
[BlackClock "0:00:03"]

1. d4 Nf6 2. Nc3 d5 3. Bf4 a6 4. f3 c5 5. e3 Nc6 6. Qd2 e6 7. O-O-O b5 8. dxc5 Bxc5 9. Kb1 Qb6 10. Nge2 Bd7 11. g4 Rc8 12. Ng3 Na5 13. g5 Ng8 14. Nh5 g6 15. Be5 Bxe3 16. Qe1 gxh5 17. Bxh8 b4 18. Nxd5 exd5 19. Bd4 Qc7 20. Qxe3+ Be6 21. Bd3 Nc4 22. Bxc4 Qxc4 23. Rd2 Ne7 24. Re1 Nf5 25. Qf4 Kd7 26. b3 Qb5 27. Bf6 a5 28. Red1 Nd6 29. Be5 Nb7 30. Qf6 a4 31. f4 axb3 32. axb3 Ra8 33. f5 Qa5 34. fxe6+ Kc8 35. Rxd5 Qa2+ 36. Kc1 Qa3+ 37. Bb2 1-0


[Site "https://www.chess.com"]

[Event "Titled Tuesday Blitz December 06 Early 2022"]
[White "Forgacs, Attila Jr."]
[Black "Skliarov, Viktor"]
[WhiteFideId "773654"]
[BlackFideId "14106736"]
[WhiteElo "2168"]
[BlackElo "2284"]
[Result "1-0"]
[Round "03"]
[TimeControl "180+1"]
[Date "2022.12.07"]
[WhiteClock "0:02:32"]
[BlackClock "0:00:54"]

1. e4 c5 2. d3 g6 3. g3 Bg7 4. Bg2 Nc6 5. f4 Nf6 6. Nf3 O-O 7. O-O d5 8. e5 Ne8 9. c3 d4 10. c4 Nc7 11. Nbd2 Ne6 12. Ne4 b6 13. Qe2 Bb7 14. Bd2 Qc7 15. g4 f5 16. exf6 exf6 17. f5 gxf5 18. gxf5 Nf4 19. Bxf4 Qxf4 20. Nfg5 Qe3+ 21. Qxe3 dxe3 22. Ne6 Rad8 23. Nxf8 Kxf8 24. Rfe1 Rxd3 25. Rad1 1-0


[Site "https://www.chess.com"]

[Event "Titled Tuesday Blitz December 06 Early 2022"]
[White "Franca, Ricardo Bedin"]
[Black "monkins"]
[WhiteFideId "2107066"]
[WhiteElo "2491"]
[BlackElo "2240"]
[Result "0-1"]
[Round "03"]
[TimeControl "180+1"]
[Date "2022.12.07"]
[WhiteClock "0:01:48"]
[BlackClock "0:00:23"]

1. e4 c6 2. d4 d5 3. Nd2 dxe4 4. Nxe4 Nf6 5. Nxf6+ exf6 6. c3 Bd6 7. Bd3 O-O 8. Qc2 h6 9. Ne2 c5 10. Be3 cxd4 11. Nxd4 Nc6 12. Nxc6 bxc6 13. O-O Qc7 14. h3 Be6 15. c4 c5 16. Be4 Rab8 17. b3 a5 18. Rad1 Rfd8 19. Rd2 Bh2+ 20. Kh1 Rxd2 21. Bxd2 Be5 22. f4 Bd4 23. f5 Bd7 24. Bf4 Be5 25. Bxe5 Qxe5 26. Bd5 a4 27. bxa4 Rb2 28. Qe4 Qxe4 29. Bxe4 Rxa2 30. Rd1 Bxa4 31. Rd8+ Kh7 32. Bd5 Bc2 33. g4 h5 34. Bxf7 hxg4 35. h4 Bxf5 36. Rd5 Be4+ 37. Kg1 Bxd5 38. Bxd5 0-1


[Site "https://www.chess.com"]